 Dungeon Crawl Stone Soup version 0.27.1 (webtiles) character file.

Game seed: 18315232414544592784

2438 MajorAdolf the Reanimator (level 9, 0/68 HPs)
             Began as a Naga Wanderer on Aug 23, 2021.
             Slain by a steam dragon (2 damage)
             ... on level 7 of the Dungeon.
             The game lasted 00:18:55 (12453 turns).

MajorAdolf the Reanimator (Naga Wanderer)          Turns: 12453, Time: 00:18:55

Health: 0/68       AC:  8    Str: 13    XL:     9   Next: 49%
Magic:  12/15      EV:  5    Int: 14    God:
Gold:   438        SH: 12    Dex: 14    Spells: 12/16 levels left

rFire    . . .     SeeInvis +   o - +2 dagger (pain)
rCold    . . .     Faith    .   D - +0 tower shield
rNeg     . . .     Spirit   .   b - +0 robe
rPois    +         Reflect  .   j - +2 helmet
rElec    .         Harm     .   (no cloak)
rCorr    .         Rampage  .   B - +0 pair of gloves
Will     +....                  (no barding)
Stlth    ++........             (no amulet)
HPRegen  0.21/turn              r - +4 ring of slaying
MPRegen  0.14/turn              (no ring)

@: very slow
A: AC +3, large, see invisible, deformed body, poison resistance, slowness 2,
spit poison 1, naga tail 1
a: Spit Poison


You were on level 7 of the Dungeon.
You visited 2 branches of the dungeon, and saw 8 of its levels.

You collected 438 gold pieces.

Inventory:

Hand Weapons
 o - a +2 dagger of pain (weapon)
 u - a +5 vorpal dire flail
Armour
 b - a +0 robe (worn)
 j - a +2 helmet (worn)
 B - a +0 pair of gloves (worn)
 D - a +0 tower shield (worn)
Magical Staves
 s - a staff of fire
Jewellery
 r - a +4 ring of slaying (left hand)
Wands
 d - a wand of acid (3)
 f - a wand of iceblast (5)
Scrolls
 a - 4 scrolls of identify {unknown}
 c - 5 scrolls of teleportation
 e - 2 scrolls of noise {unknown}
 m - a scroll of immolation {unknown}
 n - a scroll of enchant weapon {unknown}
 p - a scroll of fear {unknown}
 q - a scroll of torment {unknown}
 v - a scroll of amnesia {unknown}
 w - a scroll of summoning {unknown}
 x - a scroll of vulnerability {unknown}
 y - a scroll of magic mapping {unknown}
 C - a scroll of blinking {unknown}
Potions
 g - a potion of degeneration {unknown}
 h - a potion of attraction {unknown}
 k - 2 potions of might {unknown}
 l - a potion of heal wounds {unknown}
 t - a potion of flight {unknown}
 z - a potion of mutation {unknown}
 A - 2 potions of cancellation {unknown}


   Skills:
 - Level 3.2 Stealth
 + Level 3.1 Shields
 - Level 4.0 Spellcasting
 - Level 3.0 Hexes
 - Level 11.5 Necromancy
 - Level 1.3 Poison Magic


You had 12 spell levels left.
You knew the following spells:

 Your Spells              Type           Power      Damage    Failure   Level
a - Pain                  Necr           100%       1d9       2%          1
b - Vampiric Draining     Necr           17%        2d8       7%          3

Your spell library contained the following spells:

 Spells                   Type           Power      Damage    Failure   Level
 Sting                    Tmut/Pois      16%        1d3       88%         1
 Freeze                   Ice            8%         1d3       94%         1
 Poisonous Vapours        Pois/Air       8%         N/A       96%         2
 Mephitic Cloud           Conj/Pois/Air  4%         N/A       99%         3
 Frozen Ramparts          Ice            4%         1d2       100%        3
 Hailstorm                Conj/Ice       2%         3d3       100%        4
 Olgreb's Toxic Radiance  Pois           6%         N/A       100%        4


Dungeon Overview and Level Annotations

Branches:
Dungeon (7/15)             Temple (1/1) D:6

Altars:
Ashenzari
Cheibriados
Dithmenos
Elyvilon
Fedhas
Hepliaklqana
Kikubaaqudgha
Nemelex Xobeh
Okawaru
Qazlal
Trog
Vehumet
Wu Jian
Xom
Yredelemnul
Zin
The Shining One

Shops:
D:3 =   D:5 [

Annotations:
D:6 2 transporters


Innate Abilities, Weirdness & Mutations

Your serpentine skin is tough. (AC +3)
You have supernaturally acute eyesight. (SInv)
Armour fits poorly on your strangely shaped body.
Your system is resistant to poisons. (rPois)
You cover ground very slowly.
You can spit poison.
You have a snake-like lower body.


Message History

The ball of steam hits you! The steam dragon bites you.
The steam dragon claws you.
Casting: Vampiric Draining (dangerous; 7% risk of failure)
Confirm with . or Enter, or press ? or * to list all spells.
Aiming: Vampiric Draining (dangerous; 7% risk of failure)
Press: ? - help, Shift-Dir - straight line, f/p - steam dragon
Aim: a steam dragon (moderately wounded)
You draw life force from the steam dragon!
You feel life coursing into your body. The steam dragon breathes steam at you.
The ball of steam hits you!!
* * * LOW HITPOINT WARNING * * *
Casting: Vampiric Draining (dangerous; 7% risk of failure)
Confirm with . or Enter, or press ? or * to list all spells.
Aiming: Vampiric Draining (dangerous; 7% risk of failure)
Press: ? - help, Shift-Dir - straight line, f/p - steam dragon
Aim: a steam dragon (heavily wounded, catching its breath)
Okay, then.
Okay, then.
You feel better.
You are engulfed in a cloud of scalding steam.
* * * LOW HITPOINT WARNING * * *
You block the steam dragon's attack.
The steam dragon claws you but does no damage.
Okay, then.
Okay, then.
Okay, then.
Okay, then.
Aiming: Corrosive Bolt
Press: ? - help, Shift-Dir - straight line, f/p - steam dragon
Aim: a steam dragon (heavily wounded, catching its breath, 71% to hit)
The bolt of acid hits the steam dragon.
The steam dragon is splashed with acid.
The steam dragon is almost dead.
You are engulfed in a cloud of scalding steam.
* * * LOW HITPOINT WARNING * * *
You block the steam dragon's attack.
The steam dragon claws you but does no damage.
Okay, then.
The steam dragon bites you.
You die...

#.#.....###.##.######
#......## #.##.#
....###..# #.##.#
.... ##.# #.##.# ..##
#.# #.##.# .. #.#
#.##.# .# #.# #.##.#
..( #/# .. #
#@######.# .##.
#§D......#
.....###..#####
.##(...§..#####
.......§.......
....#####.##### ...
..# # #..# ..#


You could see a steam dragon (catching breath).

Vanquished Creatures
  A komodo dragon (D:6)
  A troll (D:6)
  Sigmund (D:2)
  Eustachio (D:7)
  Edmund (D:4)
  An orc warrior (D:7)
  A sky beast (D:5)
  A black bear (D:7)
  A phantom (D:5)
  Blork the orc (D:5)
  A bullfrog (D:7)
  2 scorpions
  A water moccasin zombie (D:4)
  A water moccasin skeleton (D:7)
  2 howler monkeys
  A centaur zombie (D:7)
  5 hounds
  A bullfrog skeleton (D:5)
  3 orc priests
  A centaur skeleton (D:7)
  Ijyb (D:5)
  4 orc wizards
  3 iguanas
  2 killer bee zombies
  Robin (D:2)
  3 adders (D:2)
  5 gnolls
  2 shadow imps
  A white imp (D:5)
  2 ufetubi
  2 worms
  3 dart slugs
  20 orcs
  8 ball pythons
  7 endoplasms
  2 giant cockroaches
  15 goblins
  12 hobgoblins
  3 quokkas
  6 bats
  A frilled lizard (D:1)
  4 kobolds
  6 rats
141 creatures vanquished.

Vanquished Creatures (others)
  6 plants (D:6)
6 creatures vanquished.

Grand Total: 147 creatures vanquished

Notes
Turn   | Place    | Note
-------+----------+-------------------------------------------
     0 | D:1      | MajorAdolf the Naga Wanderer began the quest for the Orb.
     0 | D:1      | MajorAdolf set off with the following items: a +0 club, a
                  | +0 robe, a scroll of teleportation, a +0 dagger; and the
                  | following spells available to memorise: Sting, Pain,
                  | Poisonous Vapours, Mephitic Cloud, Vampiric Draining,
                  | Olgreb's Toxic Radiance
     0 | D:1      | Reached XP level 1. HP: 15/15 MP: 5/5
     2 | D:1      | Learned a level 1 spell: Pain
   164 | D:1      | Reached skill level 1 in Necromancy
   369 | D:1      | Reached XP level 2. HP: 22/22 MP: 7/7
   552 | D:1      | Reached skill level 2 in Necromancy
   704 | D:1      | Reached XP level 3. HP: 25/28 MP: 4/8
   825 | D:1      | Found a faded altar of an unknown god.
  1686 | D:2      | Reached skill level 3 in Necromancy
  1989 | D:2      | Noticed Robin
  1995 | D:2      | Killed Robin
  2008 | D:2      | Reached XP level 4. HP: 7/36 MP: 2/10
  2493 | D:2      | Reached skill level 4 in Necromancy
  2606 | D:2      | Noticed Sigmund
  2627 | D:2      | Killed Sigmund
  2628 | D:2      | Reached skill level 5 in Necromancy
  2628 | D:2      | Reached XP level 5. HP: 2/42 MP: 1/11
  2628 | D:2      | Reached XP level 6. HP: 2/49 MP: 1/12
  3210 | D:3      | Learned a level 3 spell: Vampiric Draining
  3219 | D:3      | Found Neqaott's Jewellery Boutique.
  3311 | D:3      | Reached skill level 6 in Necromancy
  5006 | D:4      | Reached XP level 7. HP: 47/55 MP: 11/13
  5890 | D:4      | Noticed Edmund
  5905 | D:4      | Killed Edmund
  5906 | D:4      | Reached skill level 7 in Necromancy
  7735 | D:4      | Reached skill level 8 in Necromancy
  7797 | D:5      | Entered Level 5 of the Dungeon
  7901 | D:5      | Found Hijun's Armour Boutique.
  7937 | D:5      | Noticed Ijyb
  8057 | D:5      | Killed Ijyb
  8396 | D:5      | Reached XP level 8. HP: 55/62 MP: 14/14
  8855 | D:5      | Noticed Blork the orc
  8871 | D:5      | Killed Blork the orc
  8872 | D:5      | Reached skill level 9 in Necromancy
  9344 | D:6      | Found a transporter.
  9490 | D:6      | Found a transporter.
  9544 | D:6      | Found a staircase to the Ecumenical Temple.
  9579 | Temple   | Entered the Ecumenical Temple
  9892 | D:6      | Found an ancient bone altar of Kikubaaqudgha.
  9960 | D:6      | Noticed Eustachio
 10214 | D:7      | Killed Eustachio
 10215 | D:7      | Reached skill level 10 in Necromancy
 10863 | D:6      | Noticed a komodo dragon
 10873 | D:6      | Killed a komodo dragon
 10874 | D:6      | Reached skill level 11 in Necromancy
 10874 | D:6      | Reached XP level 9. HP: 59/68 MP: 8/15
 10995 | D:6      | Noticed a troll
 11005 | D:6      | Killed a troll
 11061 | D:6      | Noticed a cyclops
 12036 | D:7      | Reached skill level 1 in Shields
 12452 | D:7      | HP: 1/68 [steam dragon] (8)]
 12453 | D:7      | Slain by a steam dragon

Illustrated notes

Levels and vault maps discovered:
D:1:      saegor_arrival_simple_a, layout_basic,
          hellmonk_ecumenical_altar_heavens_door, minmay_tromino_i4
D:2:      minmay_recursive_quarters, layout_loops_ring, minmay_misc_feat_cross,
          uniq_sigmund, uniq_robin
D:3:      cheibrodos_greedy_goblins, layout_loops_cross, serial_shops,
          nicolae_shop_trees
D:4:      layout_loops_cross, kennysheep_another_room, minmay_starry_boxes,
          uniq_edmund
D:5:      layout_rooms, serial_shops, shop, uniq_blork_the_orc, uniq_ijyb
D:6:      minmay_cornered_nines, layout_loops_ring,
          nicolae_kikubaaqudgha_miasma_corner, minmay_temple_entry_offerings,
          gammafunk_ghost_gnarly_gnolls, uniq_eustachio
D:7:      layout_rooms, nicolae_water_bricks, grunt_ministairs_6,
          uniq_crazy_yiuf_cottage
Temple:   eino_temple_rhombus

Skill      XL: |  1  2  3  4  5  6  7  8  9 |
---------------+----------------------------+-----
Necromancy     | 1 2 3 5 6 8 11 | 11.5
Shields        | 3 |  3.1
Stealth        | |  3.2
Spellcasting   | |  4.0
Hexes          | |  3.0
Poison Magic   | |  1.3

Action                   |  1- 3 |  4- 6 |  7- 9 || total
-------------------------+-------+-------+-------++-------
Melee: Dagger            |    10 |    34 |   115 ||   159
       Club              |     3 |       |       ||     3
       Dire flail        |       |       |    24 ||    24
 Cast: Pain              |    41 |   112 |    53 ||   206
       Vampiric Draining |       |       |    13 ||    13
 Abil: Spit Poison       |    16 |     7 |    14 ||    37
Evoke: Wand              |       |       |     3 ||     3
  Use: Potion            |     1 |       |     3 ||     4
 Stab: Sleeping          |     1 |     1 |       ||     2
Armor: Robe              |    11 |    29 |    87 ||   127
Dodge: Dodged            |    14 |    26 |    76 ||   116
Block: Tower shield      |       |       |    34 ||    34
